 Dungeon Crawl Stone Soup version 0.31-a0-626-g8143ab4f1d (webtiles) character file.

Game seed: 13804761067683867570

2 thirtiethelement the Changeling (level 1, 0/15 HPs)
             Began as a Demonspawn Shapeshifter on Aug 24, 2023.
             Slain by a hobgoblin (4 damage)
             ... on level 1 of the Dungeon.
             The game lasted 00:00:10 (52 turns).

thirtiethelement the Changeling (DsSh)                Turns: 52, Time: 00:00:10

Health: 0/15       AC:  2    Str: 15    XL:     1   Next: 33%
Magic:  1/1        EV: 12    Int:  9    God:
Gold:   22         SH:  0    Dex: 13    Spells: 0/0 levels left

rFire   . .          .
                       - Unarmed
rCold   . . .        (no shield)
rNeg    . . .        a - +0 animal skin
rPois   .            (helmet currently unavailable)
rElec   .            (cloak currently unavailable)
rCorr   .            (gloves currently unavailable)
SInv    .            (boots currently unavailable)
Will    .....        (no amulet)
Stlth   +            (no ring)
HPRegen 0.22/turn    (no ring)
MPRegen 0.07/turn

%: no passive effects
@: beast-form
A: beast (slay +1)
a: Begin Untransformation


You were on level 1 of the Dungeon.
You were a hulking beast.
You visited 1 branch of the dungeon, and saw 1 of its levels.

You collected 22 gold pieces.

Inventory:

Armour
 a - a +0 animal skin (worn)
Talismans
 c - a beast talisman (active)
 d - a flux talisman
Scrolls
 e - a scroll of enchant weapon {unknown}
Potions
 b - a potion of lignification


   Skills:
 + Level 1.0 Fighting
 + Level 1.7 Dodging
 + Level 2.6 Unarmed Combat
 + Level 2.8 Shapeshifting


You couldn't memorise any spells.
You didn't know any spells.
Your spell library was empty.

Dungeon Overview and Level Annotations

Branches:
Dungeon (1/15)

Altars:


Message History

No target in view!
No target in view!
No target in view!
No target in view!
No target in view!
No target in view!
HP restored.
e - a scroll labelled TADWOR ZEJAEK A hobgoblin comes into view.
You see here 11 gold pieces.
You now have 22 gold pieces (gained 11).
A rat and a hobgoblin come into view.
The hobgoblin shouts!
You hear a bark!
A frilled lizard comes into view.
A jackal comes into view.
The jackal barks!
The frilled lizard hisses angrily.
You hit the hobgoblin.
You kill the hobgoblin!
A jackal comes into view. x2
The jackal barks!
A goblin comes into view. It is wielding a +0 dagger.
You see here a hobgoblin corpse.
The goblin shouts!
You barely miss the hobgoblin.
The hobgoblin hits you but does no damage.
The rat barely misses you.
You completely miss the hobgoblin. The hobgoblin hits you.
The frilled lizard barely misses you. The rat barely misses you.
You barely miss the hobgoblin.
The hobgoblin hits you but does no damage.
The frilled lizard barely misses you. The rat bites you.
The jackal bites you but does no damage.
You hit the hobgoblin but do no damage. The jackal bites you.
The jackal misses you. The hobgoblin barely misses you.
The frilled lizard bites you. The rat misses you. The jackal bites you. x2
* * * LOW HITPOINT WARNING * * *
You are too injured to fight recklessly!
You hit the frilled lizard.
The frilled lizard is heavily wounded.
The hobgoblin hits you.
You die...

..... ..... ..... .....
...... .....
.....#####....... ....
................... ##..
...................##..≈
.......h...........#..≈≈
.....gghl............≈≈.
......rh............≈≈..
......h.†...........≈...
....................≈...
....................≈≈.♣
..............###.#..≈≈.
...................#..≈≈
.......................≈
#######.............#...
#.###.###.....#...


You could see 3 jackals, a hobgoblin, a goblin, a frilled lizard and a rat.

Vanquished Creatures
  A ball python (D:1)
  A hobgoblin (D:1)
2 creatures vanquished.

Notes
Turn   | Place    | Note
-------+----------+-------------------------------------------
     0 | D:1      | thirtiethelement the Demonspawn Shapeshifter began the
                  | quest for the Orb.
     0 | D:1      | Reached XP level 1. HP: 15/15 MP: 1/1
    52 | D:1      | Slain by a hobgoblin

Illustrated notes

Levels and vault maps discovered:
D:1:      moated_graveyard_arrival, layout_basic,
          hellmonk_ecumenical_altar_slurped_away

Action                     || total
---------------------------++-------
  Melee: Unarmed           ||     8
 Armour: Animal skin       ||     3
  Dodge: Dodged            ||     8

Table legend: (Time is in decaauts)
 A = Elapsed time spent in this place.
 B = Non-inter-level travel time spent in this place.
 C = Inter-level travel time spent in this place.
 D = Time resting spent in this place.
 E = Time spent auto-exploring this place.
 F = Levels seen in this place.
 G = Mean time per level.
                   A        B        C        D        E       F      G
               +--------+--------+--------+--------+--------+-----+--------+
         Total |     51 |     51 |      0 |      0 |     32 |   1 |   51.0 |
       Dungeon |     51 |     51 |      0 |      0 |     32 |   1 |   51.0 |
               +--------+--------+--------+--------+--------+-----+--------+

Top non-repeatable levels by time:
     D:1: 51 daAuts
